Diables vs Harfangs (R1)

Created - 14 février 2015 at 20:41

Goals
1 2 3 T
Diables 0 0 0 0
Harfangs 1 3 1 5
Shots
1 2 3 T
Diables 13 7 6 26
Harfangs 4 10 5 19

1st period

1. Harfangs , Alexandre Picard 9 (Petri Kontiola, Stefan Ruzicka) at 17:54 (PP)

Penalties :
Damien Brunner (Alm) for Goalie Interference (Minor) at 3:53, Taylor Beck (Alm) for Hooking (Minor) at 17:36

2nd period

2. Harfangs , Alex Killorn 22 (Peter Olvecky, James Wisniewski) at 0:57
3. Harfangs , Peter Olvecky 27 (Alex Killorn) at 1:31 (PP)
4. Harfangs , Chris Kreider 35 (Stefan Ruzicka, James Wisniewski) at 13:07 (PP)

Penalties :
Chris Mcallister (Alm) for Holding (Minor) at 1:00, Petr Sykora (Alm) for High sticking (Minor) at 12:57, Kyle Palmieri (BEA) for High sticking (Minor) at 13:48, James Wisniewski (BEA) for Fighting (Major) at 19:31, Justin Schultz (Alm) for Fighting (Major) at 19:31

3rd period

5. Harfangs , Stefan Ruzicka 51 (Petri Kontiola, Alexandre Picard) at 12:21 (PP)

Penalties :
Chris Kreider (BEA) for Tripping (Minor) at 0:22, Petr Sykora (Alm) for Hooking (Minor) at 3:28, Peter Olvecky (BEA) for Holding (Minor) at 7:31, Tyler Bozak (Alm) for Unsportsmanlike conduct (Major / Game Misconduct) at 12:10

Goalie Stats

Jeff Glass (Alm), 7 saves from 11 shots - (0,636), L, 3-7-0, 33:07 minutes
Jean-Francois Berube (Alm), 7 saves from 8 shots - (0,875), 26:53 minutes
Robin Lehner (BEA), 26 saves from 26 shots - (1,000), W, 21-15-4, 60:00 minutes

Players Stats for Diables

Player Name              G  A  P  +/- PIM S  H  SB GA TA FO     MP     PP MP  PK MP  
------------------------------------------------------------------------------------
Andrej Meszaros          0  0  0   0  0   1  0  1  1  0  0/0    20:19   2:44   3:53 
Andy Greene              0  0  0   0  0   0  1  0  0  1  0/0    16:52   0:44   5:53 
Brett Maclean            0  0  0   0  0   2  2  1  0  0  0/0    16:33   2:46   3:24 
Chris Mcallister         0  0  0   0  2   4  2  0  1  0  3/9    21:31   3:08   4:58 
Damien Brunner           0  0  0   0  2   0  1  0  2  0  1/1    13:26   2:46   0:00 
J.T. Brown               0  0  0   0  0   0  1  1  0  0  0/0    10:15   0:03   0:00 
Jamie Arniel             0  0  0   0  0   1  0  1  2  1  5/6    13:32   0:00   3:29 
Justin Schultz           0  0  0  -1  5   3  1  2  0  2  0/0    16:48   2:29   0:03 
Kellan Lain              0  0  0  -1  0   2  3  0  1  0  4/6    12:36   0:13   1:41 
Martin Grenier           0  0  0  -1  0   3  3  6  1  1  0/0    27:42   2:13   5:51 
Matt Jones               0  0  0   0  0   1  1  0  1  0  0/0    14:30   0:00   3:53 
Michael Del Zotto        0  0  0   0  0   0  0  2  0  0  0/0    18:28   3:44   0:22 
Pavel Valentenko         0  0  0   0  0   0  0  0  0  0  0/0     5:23   0:00   0:00 
Peter Mueller            0  0  0   0  0   1  1  1  0  0  8/8    13:05   2:46   0:00 
Petr Sykora              0  0  0   0  4   0  1  0  0  0  0/2    20:35   2:58   4:17 
Pierre-Cédric Labrie     0  0  0  -1  0   0  1  0  0  0  0/0    11:04   0:13   0:00 
Taylor Beck              0  0  0   0  2   1  1  1  0  0  0/0    11:14   0:00   1:23 
Tomas Kubalik            0  0  0  -1  0   4  0  0  0  1  1/1    10:10   0:00   0:00 
Tyler Bozak              0  0  0   0  15  3  3  0  0  1  11/21  15:57   2:58   0:40 

Players Stats for Harfangs

Player Name              G  A  P  +/- PIM S  H  SB GA TA FO     MP     PP MP  PK MP  
------------------------------------------------------------------------------------
Alex Killorn             1  1  2   1  0   2  2  0  1  0  3/10   15:04   4:13   0:00 
Alexandre Picard         1  1  2   1  0   2  1  1  1  3  0/0    27:19   6:32   3:25 
Andrew Orpik             0  0  0   0  0   0  0  4  0  1  0/0    14:43   0:20   0:55 
Brett Carson             0  0  0   0  0   1  1  1  0  0  0/0    15:44   0:00   2:32 
Brian Lashoff            0  0  0   0  0   0  1  0  0  2  0/0    20:36   3:24   2:52 
Chris Kreider            1  0  1   0  2   2  1  0  0  1  2/2    19:39   5:15   1:16 
Craig Smith              0  0  0   0  0   1  2  0  0  0  1/4    13:38   0:25   1:41 
Drew Shore               0  0  0   0  0   0  2  0  0  0  0/3     9:49   0:00   1:08 
Dustin Jeffrey           0  0  0   0  0   1  1  0  0  0  0/1     9:55   0:00   1:14 
James Wisniewski         0  2  2   1  5   1  2  0  0  0  0/0    23:37   5:47   2:10 
Kyle Palmieri            0  0  0   1  2   0  0  1  0  0  0/0    15:08   4:13   0:00 
Michal Repik             0  0  0   0  0   0  1  0  1  0  0/0    11:21   0:00   0:00 
Peter Olvecky            1  1  2   1  2   2  3  0  1  0  0/0    17:23   4:19   2:08 
Petri Kontiola           0  2  2   0  0   2  0  0  0  1  15/34  21:29   5:18   3:08 
Roman Wick               0  0  0   0  0   0  0  1  1  0  0/0     9:11   0:25   0:00 
Stefan Ruzicka           1  2  3   0  0   2  3  0  2  1  0/0    18:21   5:18   0:00 
Tomas Tatar              0  0  0   0  0   1  0  2  0  0  0/0    13:02   0:22   1:19 
Victor Bartley           0  0  0   0  0   2  2  1  0  0  0/0    18:00   3:49   0:00 

3 Stars

1 - Robin Lehner (BEA)
2 - Stefan Ruzicka (BEA)
3 - Alex Killorn (BEA)

Power Play

Diables - 0 on 3 Attempt(s) - 0,00%
Harfangs - 4 on 7 Attempt(s) - 57,14%

Penalty Kill

Diables - 3 on 7 Attempt(s) - 42,86% - Score 0 goal in Penalty Kill
Harfangs - 3 on 3 Attempt(s) - 100,00% - Score 0 goal in Penalty Kill

Team Stat

Diables - Hits : 22 - Faceoff Wins : 33 - Blocked Shots : 16 - Penalty Minutes : 30
Harfangs - Hits : 22 - Faceoff Wins : 21 - Blocked Shots : 11 - Penalty Minutes : 11

Official

Referees : Martell Rob and VanMassenhoven Don
Linesman : Scott Driscoll and Pierre Champoux

Game Notes

Jean-Francois Berube enters game at 13:07 of 2nd period
Justin Schultz beats up James Wisniewski at 19:31 of 2nd period
Tyler Bozak ejected from game at 12:10 of 3rd period
Tyler Bozak from Diables is suspended for 1 game(s)

Finance

Level 1 -- Attendance: 1538 (76,90%) -- Ticket Income 46 140 $
Level 2 -- Attendance: 678 (67,80%) -- Ticket Income 10 170 $
Total Attendance: 2216 (73,87%)
Total Ticket Income: 56 310 $
Other Income: 2 816 $
Total Income: 59 126 $

Diables

5 vs 5 Forward 
   Center                   Left Wing                Right Wing               Time % Phy DF OF 
 1 Tyler Bozak              Chris Mcallister         Petr Sykora              40     1   2  2  
 2 Peter Mueller            Brett Maclean            Damien Brunner           30     1   2  2  
 3 Kellan Lain              Pierre-Cédric Labrie     Tomas Kubalik            20     1   2  2  
 4 Jamie Arniel             Taylor Beck              J.T. Brown               10     1   2  2  

5 vs 5 Defense 
   Defense                  Defense                                           Time % Phy DF OF 
 1 Martin Grenier           Justin Schultz                                    40     1   2  2  
 2 Andrej Meszaros          Michael Del Zotto                                 30     1   2  2  
 3 Andy Greene              Matt Jones                                        20     1   2  2  
 4 Pavel Valentenko         Martin Grenier                                    10     1   2  2  

PowerPlay Forward 
   Center                   Left Wing                Right Wing               Time % Phy DF OF 
 1 Tyler Bozak              Chris Mcallister         Petr Sykora              60     1   2  2  
 2 Peter Mueller            Brett Maclean            Damien Brunner           40     1   2  2  

PowerPlay Defense
   Defense                  Defense                                           Time % Phy DF OF 
 1 Michael Del Zotto        Justin Schultz                                    60     1   2  2  
 2 Andrej Meszaros          Martin Grenier                                    40     1   2  2  

Penalty Kill 4 Players Forward 
   Center                   Wing                     Time % Phy DF OF 
 1 Chris Mcallister         Petr Sykora              60     1   2  2  
 2 Tyler Bozak              Brett Maclean            40     1   2  2  

Penalty Kill 4 Players Defense
   Defense                  Defense                  Time % Phy DF OF 
 1 Martin Grenier           Andy Greene              60     1   2  2  
 2 Andrej Meszaros          Matt Jones               40     1   2  2  

Penalty Kill - 3 Players Forward 
   Forward                                           Time % Phy DF OF 
 1 Chris Mcallister                                  60     1   2  2  
 2 Petr Sykora                                       40     1   2  2  

Penalty Kill - 3 Players Defense
   Defense                  Defense                  Time % Phy DF OF 
 1 Martin Grenier           Andy Greene              60     1   2  2  
 2 Andrej Meszaros          Matt Jones               40     1   2  2  

4 vs 4 Forward 
   Center                   Wing                     Time % Phy DF OF 
 1 Chris Mcallister         Petr Sykora              60     1   2  2  
 2 Tyler Bozak              Brett Maclean            40     1   2  2  

4 vs 4 Defense
   Defense                  Defense                  Time % Phy DF OF 
 1 Martin Grenier           Andy Greene              60     1   2  2  
 2 Andrej Meszaros          Matt Jones               40     1   2  2  

Last Minutes Offensive
   Center                   Left Wing                Right Wing               Defense                  Defense                  
   Tyler Bozak              Chris Mcallister         Petr Sykora              Martin Grenier           Andy Greene              

Last Minutes Defensive
   Center                   Left Wing                Right Wing               Defense                  Defense                  
   Tyler Bozak              Chris Mcallister         Petr Sykora              Martin Grenier           Andy Greene              

Goaltenders
Starting : Jeff Glass               
Backup : Jean-Francois Berube     

Extra Forwards
Normal : Pierre-Cédric Labrie, Kellan Lain, Jamie Arniel - PP : Pierre-Cédric Labrie, Kellan Lain - PK : Jamie Arniel
Extra Defensemen
Normal : Justin Schultz, Michael Del Zotto, Pavel Valentenko - PP : Justin Schultz - PK : Michael Del Zotto, Pavel Valentenko
Penalty Shots
Chris Mcallister, Petr Sykora, Tyler Bozak, Brett Maclean, Damien Brunner

Harfangs

5 vs 5 Forward 
   Center                   Left Wing                Right Wing               Time % Phy DF OF 
 1 Petri Kontiola           Chris Kreider            Stefan Ruzicka           40     1   2  2  
 2 Alex Killorn             Peter Olvecky            Kyle Palmieri            30     1   2  2  
 3 Craig Smith              Tomas Tatar              Michal Repik             20     1   2  2  
 4 Drew Shore               Dustin Jeffrey           Roman Wick               10     1   2  2  

5 vs 5 Defense 
   Defense                  Defense                                           Time % Phy DF OF 
 1 Alexandre Picard         James Wisniewski                                  40     1   2  2  
 2 Brian Lashoff            Victor Bartley                                    30     1   2  2  
 3 Andrew Orpik             Brett Carson                                      20     1   2  2  
 4 Alexandre Picard         James Wisniewski                                  10     1   2  2  

PowerPlay Forward 
   Center                   Left Wing                Right Wing               Time % Phy DF OF 
 1 Petri Kontiola           Chris Kreider            Stefan Ruzicka           60     1   2  2  
 2 Alex Killorn             Peter Olvecky            Kyle Palmieri            40     1   2  2  

PowerPlay Defense
   Defense                  Defense                                           Time % Phy DF OF 
 1 Alexandre Picard         James Wisniewski                                  60     1   2  2  
 2 Brian Lashoff            Victor Bartley                                    40     1   2  2  

Penalty Kill 4 Players Forward 
   Center                   Wing                     Time % Phy DF OF 
 1 Petri Kontiola           Peter Olvecky            60     1   2  2  
 2 Drew Shore               Dustin Jeffrey           40     1   2  2  

Penalty Kill 4 Players Defense
   Defense                  Defense                  Time % Phy DF OF 
 1 James Wisniewski         Alexandre Picard         60     1   2  2  
 2 Brett Carson             Brian Lashoff            40     1   2  2  

Penalty Kill - 3 Players Forward 
   Forward                                           Time % Phy DF OF 
 1 Petri Kontiola                                    60     1   2  2  
 2 Drew Shore                                        40     1   2  2  

Penalty Kill - 3 Players Defense
   Defense                  Defense                  Time % Phy DF OF 
 1 James Wisniewski         Alexandre Picard         60     1   2  2  
 2 Brett Carson             Brian Lashoff            40     1   2  2  

4 vs 4 Forward 
   Center                   Wing                     Time % Phy DF OF 
 1 Stefan Ruzicka           Chris Kreider            60     1   2  2  
 2 Petri Kontiola           Peter Olvecky            40     1   2  2  

4 vs 4 Defense
   Defense                  Defense                  Time % Phy DF OF 
 1 Alexandre Picard         James Wisniewski         60     1   2  2  
 2 Victor Bartley           Brian Lashoff            40     1   2  2  

Last Minutes Offensive
   Center                   Left Wing                Right Wing               Defense                  Defense                  
   Petri Kontiola           Chris Kreider            Stefan Ruzicka           Alexandre Picard         James Wisniewski         

Last Minutes Defensive
   Center                   Left Wing                Right Wing               Defense                  Defense                  
   Petri Kontiola           Peter Olvecky            Stefan Ruzicka           James Wisniewski         Alexandre Picard         

Goaltenders
Starting : Robin Lehner             
Backup : Peter Budaj              

Extra Forwards
Normal : Stefan Ruzicka, Chris Kreider, Petri Kontiola - PP : Stefan Ruzicka, Petri Kontiola - PK : Petri Kontiola
Extra Defensemen
Normal : Brian Lashoff, James Wisniewski, Alexandre Picard - PP : Victor Bartley - PK : Brian Lashoff, Alexandre Picard
Penalty Shots
Petri Kontiola, Peter Olvecky, Alexandre Picard, James Wisniewski, Tomas Tatar

% Time on Ice - Diables

Lines # - Real PCT - Wanted PCT - Time Play
Normal Forward
1 - 31% - 40% - 13:42
2 - 24% - 30% - 10:23
3 - 23% - 20% - 10:10
4 - 22% - 10% - 9:52
Normal Defense
1 - 35% - 40% - 15:20
2 - 32% - 30% - 13:56
3 - 22% - 20% - 9:41
4 - 12% - 10% - 5:10
PP Forward
1 - 54% - 60% - 3:11
2 - 46% - 40% - 2:46
PP Defense
1 - 75% - 60% - 4:28
2 - 25% - 40% - 1:29
PK Forward
1 - 74% - 60% - 7:19
2 - 26% - 40% - 2:37
PK Defense
1 - 61% - 60% - 6:03
2 - 39% - 40% - 3:53
PK3 Forward
1 - 0% - 60%
2 - 0% - 40%
PK3 Defense
1 - 0% - 60%
2 - 0% - 40%
44 Forward
1 - 0% - 60%
2 - 0% - 40%
44 Defense
1 - 0% - 60%
2 - 0% - 40%
Last Minute Offensive  - 0:00
Last Minute Defensive  - 0:00
Total
Forward - 60:00
Defense - 60:00

% Time on Ice - Harfangs

Lines # - Real PCT - Wanted PCT - Time Play
Normal Forward
1 - 30% - 40% - 13:09
2 - 25% - 30% - 10:56
3 - 26% - 20% - 11:21
4 - 20% - 10% - 8:41
Normal Defense
1 - 34% - 40% - 15:02
2 - 32% - 30% - 14:12
3 - 30% - 20% - 13:11
4 - 4% - 10% - 1:42
PP Forward
1 - 57% - 60% - 5:37
2 - 43% - 40% - 4:19
PP Defense
1 - 66% - 60% - 6:32
2 - 34% - 40% - 3:24
PK Forward
1 - 84% - 60% - 5:01
2 - 16% - 40% - 0:56
PK Defense
1 - 59% - 60% - 3:32
2 - 41% - 40% - 2:25
PK3 Forward
1 - 0% - 60%
2 - 0% - 40%
PK3 Defense
1 - 0% - 60%
2 - 0% - 40%
44 Forward
1 - 0% - 60%
2 - 0% - 40%
44 Defense
1 - 0% - 60%
2 - 0% - 40%
Last Minute Offensive  - 0:00
Last Minute Defensive  - 0:00
Total
Forward - 60:00
Defense - 60:00

Play by Play

1st period


0:01 of 1st period - Petri Kontiola wins face-off versus Petr Sykora in neutral zone.
0:30 of 1st period - Slapshot by Andrej Meszaros.
0:30 of 1st period - Deflect By Brett Maclean.
0:30 of 1st period - Shot Blocked by Kyle Palmieri.
0:30 of 1st period - Puck is out of play.
0:31 of 1st period - Kellan Lain wins face-off versus Craig Smith in Harfangs zone.
1:04 of 1st period - Brian Lashoff is hit by J.T. Brown and loses puck.
1:21 of 1st period - Snap shot by Petr Sykora.
1:21 of 1st period - Deflect By Tyler Bozak.
1:21 of 1st period - Stopped by Robin Lehner with a rebound.
1:27 of 1st period - Snap shot by Tyler Bozak.
1:27 of 1st period - Shot Blocked by Andrew Orpik.
1:29 of 1st period - Wrist shot by Petr Sykora.
1:29 of 1st period - Deflect By Tyler Bozak.
1:29 of 1st period - Stopped by Robin Lehner without a rebound.
1:30 of 1st period - Peter Mueller wins face-off versus Petri Kontiola in Harfangs zone.
1:45 of 1st period - Snap shot by Peter Mueller.
1:45 of 1st period - Stopped by Robin Lehner without a rebound.
1:46 of 1st period - Craig Smith wins face-off versus Petr Sykora in Harfangs zone.
2:11 of 1st period - Brett Maclean is hit by Stefan Ruzicka and loses puck.
2:18 of 1st period - Snap shot by Chris Kreider.
2:18 of 1st period - Shot Blocked by Martin Grenier.
2:20 of 1st period - Snap shot by Stefan Ruzicka.
2:20 of 1st period - Shot Hit the Post.
2:22 of 1st period - Slapshot by Stefan Ruzicka.
2:22 of 1st period - Shot Blocked by Brett Maclean.
2:24 of 1st period - Wrist shot by Petri Kontiola.
2:24 of 1st period - Shot Blocked by Martin Grenier.
3:03 of 1st period - Snap shot by Chris Mcallister.
3:03 of 1st period - Stopped by Robin Lehner with a rebound.
3:53 of 1st period - Minor Penalty to Damien Brunner for Goalie Interference.
3:54 of 1st period - Petri Kontiola wins face-off versus Chris Mcallister in Diables zone.
5:53 of 1st period - Penalty to Damien Brunner is over, Damien Brunner is back on ice.
6:00 of 1st period - Wrist shot by Chris Mcallister.
6:00 of 1st period - Stopped by Robin Lehner with a rebound.
6:02 of 1st period - Snap shot by Matt Jones.
6:02 of 1st period - Stopped by Robin Lehner with a rebound.
6:26 of 1st period - Snap shot by Kellan Lain.
6:26 of 1st period - Shot Blocked by Roman Wick.
6:41 of 1st period - Off-side.
6:42 of 1st period - Jamie Arniel wins face-off versus Craig Smith in neutral zone.
6:44 of 1st period - Off-side.
6:45 of 1st period - Jamie Arniel wins face-off versus Craig Smith in neutral zone.
6:50 of 1st period - Snap shot by Jamie Arniel.
6:50 of 1st period - Shot Misses the Net.
6:58 of 1st period - Jamie Arniel is hit by Victor Bartley and loses puck.
7:17 of 1st period - Slapshot by Tomas Tatar.
7:17 of 1st period - Stopped by Jeff Glass with a rebound.
7:35 of 1st period - Slapshot by Justin Schultz.
7:35 of 1st period - Stopped by Robin Lehner with a rebound.
8:17 of 1st period - Snap shot by Jamie Arniel.
8:17 of 1st period - Shot Misses the Net.
8:19 of 1st period - Snap shot by Martin Grenier.
8:19 of 1st period - Shot Blocked by Andrew Orpik.
8:33 of 1st period - Slapshot by Justin Schultz.
8:33 of 1st period - Shot Misses the Net.
8:35 of 1st period - Slapshot by Martin Grenier.
8:35 of 1st period - Shot Blocked by Brett Carson.
8:37 of 1st period - Slapshot by Martin Grenier.
8:37 of 1st period - Shot Misses the Net.
8:39 of 1st period - Snap shot by Justin Schultz.
8:39 of 1st period - Shot Blocked by Andrew Orpik.
8:41 of 1st period - Wrist shot by Jamie Arniel.
8:41 of 1st period - Stopped by Robin Lehner with a rebound.
9:34 of 1st period - Slapshot by Martin Grenier.
9:34 of 1st period - Stopped by Robin Lehner with a rebound.
9:54 of 1st period - Slapshot by Michal Repik.
9:54 of 1st period - Shot Misses the Net.
10:02 of 1st period - Slapshot by Justin Schultz.
10:02 of 1st period - Stopped by Robin Lehner with a rebound.
10:08 of 1st period - Snap shot by Jamie Arniel.
10:08 of 1st period - Shot Misses the Net.
10:10 of 1st period - Backhand shot by Martin Grenier.
10:10 of 1st period - Stopped by Robin Lehner with a rebound.
10:14 of 1st period - Wrist shot by Jamie Arniel.
10:14 of 1st period - Deflect By Taylor Beck.
10:14 of 1st period - Stopped by Robin Lehner without a rebound.
10:15 of 1st period - Tyler Bozak wins face-off versus Petri Kontiola in Harfangs zone.
10:16 of 1st period - Wrist shot by Chris Mcallister.
10:16 of 1st period - Shot Misses the Net.
10:41 of 1st period - Andy Greene is hit by Alexandre Picard.
11:09 of 1st period - Snap shot by Petr Sykora.
11:09 of 1st period - Deflect By Chris Mcallister.
11:09 of 1st period - Shot Misses the Net.
11:09 of 1st period - Puck is out of play.
11:10 of 1st period - Peter Mueller wins face-off versus Petri Kontiola in Harfangs zone.
11:15 of 1st period - Slapshot by Brett Maclean.
11:15 of 1st period - Deflect By Stefan Ruzicka.
11:15 of 1st period - Stopped by Robin Lehner with a rebound.
11:36 of 1st period - Off-side.
11:37 of 1st period - Kellan Lain wins face-off versus Drew Shore in neutral zone.
12:02 of 1st period - Off-side.
12:03 of 1st period - Petri Kontiola wins face-off versus Chris Mcallister in neutral zone.
13:03 of 1st period - Slapshot by Roman Wick.
13:03 of 1st period - Shot Misses the Net.
13:45 of 1st period - Snap shot by Peter Olvecky.
13:45 of 1st period - Stopped by Jeff Glass without a rebound.
13:46 of 1st period - Alex Killorn wins face-off versus Kellan Lain in Diables zone.
14:01 of 1st period - Slapshot by Alex Killorn.
14:01 of 1st period - Shot Misses the Net.
14:22 of 1st period - Snap shot by Dustin Jeffrey.
14:22 of 1st period - Shot Misses the Net.
14:50 of 1st period - Kyle Palmieri is hit by Martin Grenier.
16:31 of 1st period - Andrej Meszaros is hit by Brett Carson and loses puck.
17:18 of 1st period - Martin Grenier is hit by James Wisniewski and loses puck.
17:36 of 1st period - Minor Penalty to Taylor Beck for Hooking.
17:37 of 1st period - Petri Kontiola wins face-off versus Chris Mcallister in Diables zone.
17:38 of 1st period - Wrist shot by Chris Kreider.
17:38 of 1st period - Shot Hit the Post.
17:40 of 1st period - Snap shot by Alexandre Picard.
17:40 of 1st period - Deflect By Stefan Ruzicka.
17:40 of 1st period - Shot Misses the Net.
17:40 of 1st period - Puck is out of play.
17:41 of 1st period - Chris Kreider wins face-off versus Chris Mcallister in Diables zone.
17:44 of 1st period - Snap shot by Petri Kontiola.
17:44 of 1st period - Stopped by Jeff Glass without a rebound.
17:45 of 1st period - Chris Mcallister wins face-off versus Petri Kontiola in Diables zone.
17:52 of 1st period - Slapshot by Petri Kontiola.
17:52 of 1st period - Shot Misses the Net.
17:54 of 1st period - Slapshot by Alexandre Picard.
17:54 of 1st period - Deflect By Petr Sykora.
17:54 of 1st period - Goal by Alexandre Picard - Diables : 0 - Harfangs : 1.
17:55 of 1st period - Petri Kontiola wins face-off versus Tyler Bozak in neutral zone.
18:22 of 1st period - James Wisniewski is hit by Brett Maclean and loses puck.
19:27 of 1st period - Tomas Tatar is hit by Tyler Bozak and loses puck.
19:54 of 1st period - Wrist shot by Alex Killorn.
19:54 of 1st period - Shot Misses the Net.
19:56 of 1st period - Wrist shot by Peter Olvecky.
19:56 of 1st period - Shot Blocked by Peter Mueller.
19:58 of 1st period - Wrist shot by Peter Olvecky.
19:58 of 1st period - Shot Blocked by Martin Grenier.
Goals for this period are 0 for Diables vs 1 for Harfangs.
Shots for this period are 13 for Diables vs 4 for Harfangs.

2nd period


0:01 of 2nd period - Petri Kontiola wins face-off versus Tyler Bozak in neutral zone.
0:10 of 2nd period - Wrist shot by Stefan Ruzicka.
0:10 of 2nd period - Shot Blocked by Justin Schultz.
0:12 of 2nd period - Slapshot by Alexandre Picard.
0:12 of 2nd period - Shot Blocked by Martin Grenier.
0:14 of 2nd period - Slapshot by Stefan Ruzicka.
0:14 of 2nd period - Stopped by Jeff Glass with a rebound.
0:16 of 2nd period - Wrist shot by Chris Kreider.
0:16 of 2nd period - Deflect By Petr Sykora.
0:16 of 2nd period - Shot Blocked by Justin Schultz.
0:16 of 2nd period - Puck is out of play.
0:17 of 2nd period - Damien Brunner wins face-off versus Alex Killorn in Diables zone.
0:57 of 2nd period - Slapshot by Alex Killorn.
0:57 of 2nd period - Goal by Alex Killorn - Diables : 0 - Harfangs : 2.
0:58 of 2nd period - Tyler Bozak wins face-off versus Petri Kontiola in neutral zone.
1:00 of 2nd period - Minor Penalty to Chris Mcallister for Holding.
1:01 of 2nd period - Jamie Arniel wins face-off versus Petri Kontiola in Diables zone.
1:26 of 2nd period - Jamie Arniel is hit by Alex Killorn and loses puck.
1:31 of 2nd period - Snap shot by Peter Olvecky.
1:31 of 2nd period - Goal by Peter Olvecky - Diables : 0 - Harfangs : 3.
1:32 of 2nd period - Tyler Bozak wins face-off versus Petri Kontiola in neutral zone.
1:37 of 2nd period - Wrist shot by Chris Kreider.
1:37 of 2nd period - Deflect By Stefan Ruzicka.
1:37 of 2nd period - Shot Misses the Net.
1:37 of 2nd period - Puck is out of play.
1:38 of 2nd period - Petri Kontiola wins face-off versus Tyler Bozak in Diables zone.
2:00 of 2nd period - Icing by Chris Kreider.
2:01 of 2nd period - Peter Mueller wins face-off versus Alex Killorn in Harfangs zone.
2:16 of 2nd period - Snap shot by Damien Brunner.
2:16 of 2nd period - Shot Misses the Net.
3:30 of 2nd period - Andy Greene is hit by Peter Olvecky and loses puck.
4:59 of 2nd period - Wrist shot by Jamie Arniel.
4:59 of 2nd period - Shot Misses the Net.
5:07 of 2nd period - Snap shot by Jamie Arniel.
5:07 of 2nd period - Shot Misses the Net.
6:06 of 2nd period - Slapshot by Kyle Palmieri.
6:06 of 2nd period - Shot Misses the Net.
6:41 of 2nd period - Brett Carson is hit by Andy Greene.
7:03 of 2nd period - Petri Kontiola is hit by Brett Maclean and loses puck.
7:26 of 2nd period - Kyle Palmieri is hit by Kellan Lain and loses puck.
7:33 of 2nd period - Pierre-Cédric Labrie is hit by Peter Olvecky and loses puck.
7:37 of 2nd period - Icing by Andy Greene.
7:38 of 2nd period - Kellan Lain wins face-off versus Petri Kontiola in Diables zone.
7:58 of 2nd period - Wrist shot by Kellan Lain.
7:58 of 2nd period - Shot Misses the Net.
8:10 of 2nd period - Wrist shot by Kellan Lain.
8:10 of 2nd period - Stopped by Robin Lehner with a rebound.
8:22 of 2nd period - Pierre-Cédric Labrie is hit by Drew Shore and loses puck.
8:31 of 2nd period - James Wisniewski is hit by Kellan Lain and loses puck.
8:58 of 2nd period - Wrist shot by Tomas Kubalik.
8:58 of 2nd period - Stopped by Robin Lehner with a rebound.
9:00 of 2nd period - Wrist shot by Tomas Kubalik.
9:00 of 2nd period - Stopped by Robin Lehner without a rebound.
9:01 of 2nd period - Alex Killorn wins face-off versus Tyler Bozak in Harfangs zone.
9:26 of 2nd period - Craig Smith is hit by Damien Brunner and loses puck.
9:31 of 2nd period - Slapshot by Andrej Meszaros.
9:31 of 2nd period - Shot Blocked by Andrew Orpik.
9:33 of 2nd period - Snap shot by Damien Brunner.
9:33 of 2nd period - Shot Blocked by Tomas Tatar.
9:35 of 2nd period - Slapshot by Brett Maclean.
9:35 of 2nd period - Stopped by Robin Lehner with a rebound.
9:51 of 2nd period - Wrist shot by Michal Repik.
9:51 of 2nd period - Shot Misses the Net.
9:53 of 2nd period - Snap shot by Stefan Ruzicka.
9:53 of 2nd period - Shot Blocked by Andrej Meszaros.
9:55 of 2nd period - Slapshot by Petri Kontiola.
9:55 of 2nd period - Shot Misses the Net.
9:57 of 2nd period - Snap shot by Brett Carson.
9:57 of 2nd period - Stopped by Jeff Glass without a rebound.
9:58 of 2nd period - Petri Kontiola wins face-off versus Tyler Bozak in Diables zone.
10:15 of 2nd period - Tyler Bozak is hit by Stefan Ruzicka and loses puck.
10:34 of 2nd period - Wrist shot by Petri Kontiola.
10:34 of 2nd period - Stopped by Jeff Glass with a rebound.
11:19 of 2nd period - Backhand shot by Craig Smith.
11:19 of 2nd period - Stopped by Jeff Glass without a rebound.
11:20 of 2nd period - Peter Mueller wins face-off versus Alex Killorn in Diables zone.
11:47 of 2nd period - Victor Bartley is hit by Chris Mcallister and loses puck.
12:33 of 2nd period - Snap shot by Chris Kreider.
12:33 of 2nd period - Shot Blocked by Jamie Arniel.
12:35 of 2nd period - Wrist shot by Stefan Ruzicka.
12:35 of 2nd period - Deflect By Chris Kreider.
12:35 of 2nd period - Shot Blocked by J.T. Brown.
12:35 of 2nd period - Puck is out of play.
12:36 of 2nd period - Petri Kontiola wins face-off versus Tyler Bozak in Diables zone.
12:57 of 2nd period - Minor Penalty to Petr Sykora for High sticking.
12:58 of 2nd period - Petri Kontiola wins face-off versus Chris Mcallister in Diables zone.
13:07 of 2nd period - Snap shot by Chris Kreider.
13:07 of 2nd period - Goal by Chris Kreider - Diables : 0 - Harfangs : 4.
13:07 of 2nd period - Jean-Francois Berube enters game.
13:08 of 2nd period - Tyler Bozak wins face-off versus Petri Kontiola in neutral zone.
13:33 of 2nd period - Kyle Palmieri is hit by Peter Mueller.
13:37 of 2nd period - Snap shot by Alex Killorn.
13:37 of 2nd period - Stopped by Jean-Francois Berube without a rebound.
13:38 of 2nd period - Peter Mueller wins face-off versus Alex Killorn in Diables zone.
13:38 of 2nd period - Peter Mueller is hit by Peter Olvecky.
13:45 of 2nd period - Michael Del Zotto is hit by Victor Bartley and loses puck.
13:48 of 2nd period - Minor Penalty to Kyle Palmieri for High sticking.
13:49 of 2nd period - Tyler Bozak wins face-off versus Petri Kontiola in Harfangs zone.
14:02 of 2nd period - Petri Kontiola is hit by Tyler Bozak.
14:14 of 2nd period - Alexandre Picard is hit by Justin Schultz.
14:26 of 2nd period - Brian Lashoff is hit by Chris Mcallister and loses puck.
14:45 of 2nd period - Brian Lashoff is hit by Tyler Bozak and loses puck.
15:48 of 2nd period - Penalty to Kyle Palmieri is over, Kyle Palmieri is back on ice.
16:31 of 2nd period - Icing by Michal Repik.
16:32 of 2nd period - Jamie Arniel wins face-off versus Dustin Jeffrey in Harfangs zone.
16:41 of 2nd period - Backhand shot by Roman Wick.
16:41 of 2nd period - Shot Misses the Net.
16:43 of 2nd period - Wrist shot by Dustin Jeffrey.
16:43 of 2nd period - Deflect By Drew Shore.
16:43 of 2nd period - Shot Blocked by Martin Grenier.
16:43 of 2nd period - Puck is out of play.
16:44 of 2nd period - Tyler Bozak wins face-off versus Petri Kontiola in Diables zone.
16:49 of 2nd period - Chris Mcallister is hit by Stefan Ruzicka and loses puck.
17:10 of 2nd period - Alex Killorn is hit by Martin Grenier and loses puck.
17:19 of 2nd period - Slapshot by Peter Mueller.
17:19 of 2nd period - Shot Misses the Net.
17:35 of 2nd period - Slapshot by Alexandre Picard.
17:35 of 2nd period - Deflect By Matt Jones.
17:35 of 2nd period - Stopped by Jean-Francois Berube without a rebound.
17:36 of 2nd period - Tyler Bozak wins face-off versus Petri Kontiola in Diables zone.
18:01 of 2nd period - Peter Mueller is hit by Alex Killorn and loses puck.
18:28 of 2nd period - Michael Del Zotto is hit by Michal Repik and loses puck.
18:51 of 2nd period - Petr Sykora is hit by Drew Shore and loses puck.
19:07 of 2nd period - Slapshot by Andrej Meszaros.
19:07 of 2nd period - Stopped by Robin Lehner without a rebound.
19:08 of 2nd period - Peter Mueller wins face-off versus Petri Kontiola in Harfangs zone.
19:19 of 2nd period - Slapshot by Justin Schultz.
19:19 of 2nd period - Stopped by Robin Lehner with a rebound.
19:21 of 2nd period - Slapshot by Damien Brunner.
19:21 of 2nd period - Shot Misses the Net.
19:23 of 2nd period - Slapshot by Martin Grenier.
19:23 of 2nd period - Deflect By Stefan Ruzicka.
19:23 of 2nd period - Stopped by Robin Lehner without a rebound.
19:24 of 2nd period - Tyler Bozak wins face-off versus Alex Killorn in Harfangs zone.
19:31 of 2nd period - Justin Schultz beats up James Wisniewski.
19:31 of 2nd period - Penalty to James Wisniewski for Fighting.
19:31 of 2nd period - Penalty to Justin Schultz for Fighting.
19:32 of 2nd period - Petri Kontiola wins face-off versus Tyler Bozak in Diables zone.
19:35 of 2nd period - Snap shot by Petri Kontiola.
19:35 of 2nd period - Shot Misses the Net.
19:39 of 2nd period - Snap shot by Chris Kreider.
19:39 of 2nd period - Stopped by Jean-Francois Berube with a rebound.
Goals for this period are 0 for Diables vs 3 for Harfangs.
Shots for this period are 7 for Diables vs 10 for Harfangs.

3rd period


0:01 of 3rd period - Tyler Bozak wins face-off versus Petri Kontiola in neutral zone.
0:22 of 3rd period - Minor Penalty to Chris Kreider for Tripping.
0:23 of 3rd period - Tyler Bozak wins face-off versus Petri Kontiola in Harfangs zone.
0:26 of 3rd period - Slapshot by Chris Mcallister.
0:26 of 3rd period - Shot Misses the Net.
1:27 of 3rd period - Tyler Bozak is hit by Dustin Jeffrey and loses puck.
2:21 of 3rd period - Icing by Michael Del Zotto.
2:22 of 3rd period - Penalty to Chris Kreider is over, Chris Kreider is back on ice.
2:22 of 3rd period - Peter Mueller wins face-off versus Drew Shore in Diables zone.
2:33 of 3rd period - Snap shot by Pierre-Cédric Labrie.
2:33 of 3rd period - Shot Misses the Net.
2:35 of 3rd period - Snap shot by Kellan Lain.
2:35 of 3rd period - Shot Blocked by Victor Bartley.
3:11 of 3rd period - Wrist shot by Chris Mcallister.
3:11 of 3rd period - Stopped by Robin Lehner without a rebound.
3:12 of 3rd period - Tyler Bozak wins face-off versus Petri Kontiola in Harfangs zone.
3:17 of 3rd period - Slapshot by Chris Mcallister.
3:17 of 3rd period - Stopped by Robin Lehner without a rebound.
3:18 of 3rd period - Petri Kontiola wins face-off versus Tyler Bozak in Harfangs zone.
3:18 of 3rd period - Petri Kontiola is hit by Petr Sykora.
3:26 of 3rd period - Slapshot by Stefan Ruzicka.
3:26 of 3rd period - Shot Blocked by Michael Del Zotto.
3:28 of 3rd period - Minor Penalty to Petr Sykora for Hooking.
3:29 of 3rd period - Petri Kontiola wins face-off versus Chris Mcallister in Diables zone.
3:40 of 3rd period - Andy Greene is hit by Chris Kreider.
3:44 of 3rd period - Snap shot by Stefan Ruzicka.
3:44 of 3rd period - Shot Misses the Net.
3:59 of 3rd period - Snap shot by Andrew Orpik.
3:59 of 3rd period - Shot Blocked by Martin Grenier.
4:31 of 3rd period - Penalty to Justin Schultz is over, Justin Schultz is back on ice.
5:21 of 3rd period - Andrej Meszaros is hit by James Wisniewski and loses puck.
5:28 of 3rd period - Penalty to Petr Sykora is over, Petr Sykora is back on ice.
5:40 of 3rd period - Tomas Kubalik is hit by Brian Lashoff and loses puck.
6:06 of 3rd period - Wrist shot by Dustin Jeffrey.
6:06 of 3rd period - Stopped by Jean-Francois Berube with a rebound.
6:08 of 3rd period - Slapshot by Victor Bartley.
6:08 of 3rd period - Deflect By Michael Del Zotto.
6:08 of 3rd period - Stopped by Jean-Francois Berube without a rebound.
6:09 of 3rd period - Peter Mueller wins face-off versus Drew Shore in Diables zone.
6:37 of 3rd period - Snap shot by Petr Sykora.
6:37 of 3rd period - Shot Misses the Net.
6:39 of 3rd period - Snap shot by Tyler Bozak.
6:39 of 3rd period - Stopped by Robin Lehner with a rebound.
7:14 of 3rd period - Wrist shot by Kellan Lain.
7:14 of 3rd period - Stopped by Robin Lehner with a rebound.
7:16 of 3rd period - Snap shot by Tomas Kubalik.
7:16 of 3rd period - Stopped by Robin Lehner with a rebound.
7:18 of 3rd period - Slapshot by Michael Del Zotto.
7:18 of 3rd period - Deflect By Kellan Lain.
7:18 of 3rd period - Shot Blocked by Alexandre Picard.
7:18 of 3rd period - Puck is out of play.
7:19 of 3rd period - Tomas Kubalik wins face-off versus Alex Killorn in Harfangs zone.
7:22 of 3rd period - Snap shot by Tomas Kubalik.
7:22 of 3rd period - Stopped by Robin Lehner without a rebound.
7:23 of 3rd period - Alex Killorn wins face-off versus Tyler Bozak in Harfangs zone.
7:31 of 3rd period - Minor Penalty to Peter Olvecky for Holding.
7:32 of 3rd period - Chris Kreider wins face-off versus Tyler Bozak in Harfangs zone.
9:31 of 3rd period - Penalty to Peter Olvecky is over, Peter Olvecky is back on ice.
9:38 of 3rd period - Victor Bartley is hit by Pierre-Cédric Labrie and loses puck.
10:48 of 3rd period - Brett Carson is hit by Kellan Lain and loses puck.
11:14 of 3rd period - Off-side.
11:15 of 3rd period - Petri Kontiola wins face-off versus Jamie Arniel in neutral zone.
11:26 of 3rd period - Wrist shot by Chris Kreider.
11:26 of 3rd period - Shot Misses the Net.
11:28 of 3rd period - Slapshot by Victor Bartley.
11:28 of 3rd period - Stopped by Jean-Francois Berube with a rebound.
11:30 of 3rd period - Slapshot by Chris Kreider.
11:30 of 3rd period - Shot Blocked by Michael Del Zotto.
12:10 of 3rd period - Major / Game Misconduct Penalty to Tyler Bozak for Unsportsmanlike conduct.
12:10 of 3rd period - Tyler Bozak is ejected from game.
12:11 of 3rd period - Chris Mcallister wins face-off versus Petri Kontiola in Diables zone.
12:21 of 3rd period - Snap shot by Stefan Ruzicka.
12:21 of 3rd period - Goal by Stefan Ruzicka - Diables : 0 - Harfangs : 5.
12:22 of 3rd period - Chris Mcallister wins face-off versus Petri Kontiola in neutral zone.
12:31 of 3rd period - Slapshot by Petr Sykora.
12:31 of 3rd period - Shot Misses the Net.
12:58 of 3rd period - Slapshot by James Wisniewski.
12:58 of 3rd period - Stopped by Jean-Francois Berube without a rebound.
12:59 of 3rd period - Jamie Arniel wins face-off versus Petri Kontiola in Diables zone.
14:39 of 3rd period - Icing by Victor Bartley.
14:40 of 3rd period - Petri Kontiola wins face-off versus Kellan Lain in Harfangs zone.
15:37 of 3rd period - Chris Mcallister is hit by Craig Smith and loses puck.
16:19 of 3rd period - Icing by Brian Lashoff.
16:20 of 3rd period - Kellan Lain wins face-off versus Alex Killorn in Harfangs zone.
16:35 of 3rd period - Chris Kreider is hit by Martin Grenier and loses puck.
17:10 of 3rd period - Penalty to Tyler Bozak is over, J.T. Brown is send on ice.
17:17 of 3rd period - Wrist shot by Tomas Kubalik.
17:17 of 3rd period - Shot Blocked by Tomas Tatar.
17:25 of 3rd period - Andrej Meszaros is hit by Craig Smith.
17:44 of 3rd period - Snap shot by Dustin Jeffrey.
17:44 of 3rd period - Shot Misses the Net.
17:46 of 3rd period - Slapshot by Andrew Orpik.
17:46 of 3rd period - Shot Misses the Net.
17:48 of 3rd period - Snap shot by Roman Wick.
17:48 of 3rd period - Shot Misses the Net.
17:54 of 3rd period - Snap shot by Roman Wick.
17:54 of 3rd period - Shot Blocked by Taylor Beck.
18:49 of 3rd period - Michal Repik is hit by Matt Jones and loses puck.
19:40 of 3rd period - Andrew Orpik is hit by Taylor Beck and loses puck.
Goals for this period are 0 for Diables vs 1 for Harfangs.
Shots for this period are 6 for Diables vs 5 for Harfangs.


Output by the SimonT Hockey Simulator (STHS) for François Prévost -- Original Page W3C XHTML 1.0 Valid
Hockey Simulator - Hockey Simulation - Hockey Manager